 Dungeon Crawl Stone Soup version 0.19.0-19-g8c6edcc (webtiles) character file.

46 Rrauwl the Digger (level 3, -6/20 HPs)
             Began as a Gargoyle Earth Elementalist on Nov 12, 2016.
             Mangled by Sigmund
             ... wielding a +0 antimagic scythe
              (10 damage)
             ... on level 2 of the Dungeon.
             The game lasted 00:09:13 (1018 turns).

Rrauwl the Digger (Gargoyle Earth Elementalist)     Turns: 1018, Time: 00:09:13

Health: -6/20      AC:  6    Str:  8 (11) XL:     3   Next: 66%
Magic:  1/6        EV: 12    Int: 14 (16) God:
Gold:   98         SH:  0    Dex: 10      Spells: 1 memorised, 6 levels left

rFire  . . .     SeeInvis +     f - +3 dagger (holy)
rCold  . . .     Gourm    .     c - +1 robe
rNeg   + . .     Faith    .     (no shield)
rPois  ∞         Spirit   .     (no helmet)
rElec  +         Reflect  .     (no cloak)
rCorr  .         Harm     .     (no gloves)
MR     .....                    (no boots)
Stlth  +.........               (no amulet)
                                (no ring)
                                l - ring of see invisible

@: confused
A: negative energy resistance 1, electricity resistance, unbreathing,
petrification resistance, rot immunity, AC +3
a: no special abilities


You were on level 2 of the Dungeon.
You were not hungry.

You visited 1 branch of the dungeon, and saw 2 of its levels.

You collected 98 gold pieces.

Inventory:

Hand Weapons
 f - a +3 dagger of holy wrath (weapon)
Missiles
 b - 84 stones (quivered)
Armour
 c - a +1 robe (worn)
Jewellery
 l - a ring of see invisible (left hand)
Scrolls
 k - a scroll of immolation
Potions
 g - a potion of flight
 h - a potion of heal wounds
 i - 2 potions of curing
Books
 e - a book of Geomancy

   Spells                             Type                      Level
   a - Sandblast                      Earth                        1
   b - Passwall                       Transmutation/Earth          2
   c - Stone Arrow                    Conjuration/Earth            3
   d - Petrify                        Transmutation/Earth          4
   e - Lee's Rapid Deconstruction     Earth                        5
Comestibles
 d - 2 bread rations
 j - a slice of pizza


   Skills:
 * Level 1.2 Fighting
 * Level 1.9 Dodging
 - Level 2.1 Stealth
 + Level 2.5 Spellcasting
   Level 0.7 Transmutations
 + Level 4.3 Earth Magic


You had 6 spell levels left.
You knew the following spells:

 Your Spells              Type           Power        Failure   Level  Hunger
a - Sandblast             Erth           ##....       4%          1    #......


Dungeon Overview and Level Annotations

Branches:
Dungeon (2/15)

Altars:

Annotations:
D:2 Sigmund


Innate Abilities, Weirdness & Mutations

You are resistant to torment.
Your stone body is resilient. (AC +3)
You are immune to poison.
You resist negative energy. (rN+)
You are resistant to electric shocks. (rElec)
You can survive without breathing.
You are immune to petrification.
You are immune to rotting.


Message History

Aim: Sigmund, wielding an antimagic scythe and wearing a robe The blast of sand hits Sigmund.
Casting: Sandblast
Confirm with . or Enter, or press ? or * to list all spells.
Aiming: Sandblast
Press: ? - help, Shift-Dir - straight line, f/p - Sigmund
Aim: Sigmund, wielding an antimagic scythe and wearing a robe The blast of sand hits Sigmund.
Sigmund points at you and mumbles some strange words.
You are confused.
Sigmund barely misses you. Sigmund casts a spell at you.
The magic dart hits you!
* * * LOW HITPOINT WARNING * * *
You bump into the rock wall.
You bump into the rock wall.
You bump into the rock wall.
Sigmund hits you from afar with an antimagic scythe!
Ouch! That really hurt!
You die...

#.#.#.########..#
...#.# #....#..#
#..#.# #.##.#..#
#..#.#
#.......#### #.#.#
####........
#...#########.####
#@................
#..##########.####
#####@.## #.####
...#...# #.....
##.#.#.# #..###
#......##### #..#
#..........# #..#
#......###.# #..#
#......###.#
#..###
#.......##.#
#..##.
#.....#.##.#
#.)##.


You could see Sigmund.

Vanquished Creatures
  An adder (D:2)
  An ooze (D:1)
  A worm (D:2)
  A leopard gecko (D:2)
  2 giant cockroaches
  4 goblins (D:1)
  A hobgoblin (D:1)
  3 jackals (D:1)
  5 bats
  A frilled lizard (D:2)
  4 kobolds
  4 rats (D:1)
28 creatures vanquished.

Notes
Turn   | Place    | Note
-------+----------+-------------------------------------------
     0 | D:1      | Rrauwl the Gargoyle Earth Elementalist began the quest for the Orb.
     0 | D:1      | Reached XP level 1. HP: 10/10 MP: 3/3
   283 | D:1      | Reached skill level 4 in Earth Magic
   283 | D:1      | Reached XP level 2. HP: 16/16 MP: 0/5
   431 | D:1      | Reached skill level 1 in Fighting
   532 | D:1      | Learned a level 1 spell: Sandblast
   767 | D:2      | Reached XP level 3. HP: 20/20 MP: 4/6
   872 | D:2      | Noticed Sigmund
  1018 | D:2      | Mangled by Sigmund

Skill      XL: |  1  2 |
---------------+-------+-----
Earth Magic    | 4 |  4.3
Fighting       | 1 |  1.2
Dodging        | |  1.9
Stealth        | |  2.1
Spellcasting   | |  2.5
Transmutations | |  0.7

Action                   || total
-------------------------++-------
Melee: Unarmed           ||     4
       Dagger            ||    42
 Cast: Sandblast         ||    41
  Use: Scroll            ||     7
       Potion            ||     4
 Stab: Sleeping          ||     2
  Eat: Chunk             ||     1
Armor: Robe              ||    23
Dodge: Dodged            ||    39
